General information
- name: BNet
- type: Ladder team game (AT/RT)
- host: Battle.net
- saver: n0v4c41n3
map: Battleground
- players: 8
- length: 17:57
- speed: Fast
- version: 1.26 W3XP
- replay type: Public
» download(154 KB)
Players
team 1 (loser)

»
2EASY2OWNU (
blue | 36 APM | 645 actions | 17:55)
5 Blademaster
3 Wind Walk
2 Critical Strike
» actions
| Basic commands | 5 | |
| Build / train | 31 | |
| Enter build submenu | 11 | |
| Enter hero's abilities submenu | 6 | |
| Give item / drop item | 1 | |
| Right click | 343 | |
| Select / deselect | 191 | |
| Use ability | 57 | |
645 total
» units
» buildings
| Altar of Storms | 1 | |
| Orc Burrow | 6 | |
| Barracks | 1 | |
| Voodoo Lounge | 1 | |
| Stronghold | 1 | |
| Fortress | 1 | |
| War Mill | 1 | |
12 total
» build order
00:10 Altar of Storms
00:24 Orc Burrow
00:54 Barracks
01:40 Orc Burrow
02:00 Voodoo Lounge
03:37 Orc Burrow
04:18 Stronghold
06:43 Fortress
08:06 War Mill
08:10 Orc Burrow
08:11 Orc Burrow
08:13 Orc Burrow
» items
| Healing Salve | 3 | |
| Boots of Speed | 1 | |
| Lesser Clarity Potion | 6 | |
10 total

»
DiAbLo.oFF. (
red | 81 APM | 1454 actions | 17:54)
4 Blademaster
2 Wind Walk
2 Critical Strike
3 Shadow Hunter
1 Hex
2 Healing Wave
» actions
| Assign group hotkey | 19 | |
| Basic commands | 157 | |
| Build / train | 82 | |
| ESC pressed | 1 | |
| Enter build submenu | 16 | |
| Enter hero's abilities submenu | 7 | |
| Give item / drop item | 4 | |
| Remove unit from queue | 7 | |
| Right click | 557 | |
| Select / deselect | 330 | |
| Select group hotkey | 184 | |
| Use ability | 90 | |
1454 total
» units
| Peon | 10 | |
| Shaman | 6 | |
| Tauren | 7 | |
| Troll Witch Doctor | 1 | |
| Troll Batrider | 4 | |
28 total
» upgrades
| Shaman Training | 2 | |
| Pulverize | 1 | |
| Armor | 1 | |
| Witch Doctor Training | 2 | |
| Melee Weapons | 1 | |
| Reinforced Defenses | 1 | |
8 total
» buildings
| Altar of Storms | 1 | |
| Orc Burrow | 7 | |
| Voodoo Lounge | 1 | |
| Stronghold | 1 | |
| War Mill | 1 | |
| Fortress | 1 | |
| Spirit Lodge | 1 | |
| Tauren Totem | 3 | |
| Beastiary | 2 | |
18 total
» build order
00:10 Altar of Storms
00:15 Orc Burrow
00:42 Voodoo Lounge
01:49 Orc Burrow
02:26 Stronghold
02:51 War Mill
03:44 Orc Burrow
04:50 Fortress
04:53 Spirit Lodge
07:15 Tauren Totem
07:16 Tauren Totem
07:58 Tauren Totem
08:27 Orc Burrow
10:42 Orc Burrow
11:36 Orc Burrow
14:04 Beastiary
16:05 Beastiary
16:10 Orc Burrow
» items
| Healing Salve | 5 | |
| Lesser Clarity Potion | 8 | |
| Circlet of Nobility | 1 | |
| Boots of Speed | 1 | |
| Potion of Healing | 1 | |
| Staff of Teleportation | 1 | |
| Scroll of Town Portal | 3 | |
| Orb of Lightning | 1 | |
| Scroll of Speed | 1 | |
22 total
Wizard.Minsk. (
green | 49 APM | 868 actions | 17:37)
4 Dark Ranger
2 Black Arrow
2 Silence
» actions
| Assign group hotkey | 49 | |
| Basic commands | 35 | |
| Build / train | 57 | |
| Enter build submenu | 15 | |
| Enter hero's abilities submenu | 4 | |
| Give item / drop item | 1 | |
| Remove unit from queue | 1 | |
| Right click | 323 | |
| Select / deselect | 214 | |
| Select group hotkey | 140 | |
| Use ability | 29 | |
868 total
» units
| Acolyte | 2 | |
| Ghoul | 5 | |
| Gargoyle | 7 | |
| Abomination | 9 | |
| Crypt Fiend | 7 | |
30 total
» upgrades
| Creature Attack | 2 | |
| Creature Carapace | 1 | |
| Unholy Strength | 1 | |
| Web | 1 | |
5 total
» buildings
| Ziggurat | 5 | |
| Crypt | 2 | |
| Altar of Darkness | 1 | |
| Nerubian Tower | 1 | |
| Graveyard | 1 | |
| Halls of the Dead | 1 | |
| Spirit Tower | 3 | |
| Slaughterhouse | 2 | |
| Black Citadel | 2 | |
| Sacrificial Pit | 1 | |
| Tomb of Relics | 1 | |
20 total
» build order
00:09 Ziggurat
00:12 Ziggurat
00:42 Crypt
00:58 Altar of Darkness
01:13 Nerubian Tower
01:35 Graveyard
03:15 Halls of the Dead
03:20 Spirit Tower
04:24 Ziggurat
04:28 Ziggurat
05:43 Spirit Tower
05:46 Spirit Tower
05:49 Slaughterhouse
06:31 Black Citadel
06:34 Slaughterhouse
06:54 Black Citadel
07:31 Sacrificial Pit
07:58 Ziggurat
08:17 Crypt
09:20 Tomb of Relics
» items
| Healing Salve | 1 | |
| Lesser Clarity Potion | 1 | |
| Scroll of Town Portal | 7 | |
9 total
altugduvan (
teal | 65 APM | 1157 actions | 17:52)
4 Mountain King
2 Storm Bolt
2 Bash
» actions
| Assign group hotkey | 29 | |
| Build / train | 48 | |
| Enter build submenu | 15 | |
| Enter hero's abilities submenu | 4 | |
| Remove unit from queue | 1 | |
| Right click | 471 | |
| Select / deselect | 260 | |
| Select group hotkey | 291 | |
| Use ability | 38 | |
1157 total
» units
| Peasant | 8 | |
| Rifleman | 13 | |
| Mortar Team | 6 | |
| Flying Machine | 3 | |
30 total
» upgrades
| Gunpowder | 2 | |
| Long Rifles | 1 | |
| Armor | 1 | |
| Flare | 1 | |
| Fragmentation Shards | 1 | |
6 total
» buildings
| Altar of Kings | 1 | |
| Farm | 7 | |
| Blacksmith | 1 | |
| Barracks | 1 | |
| Arcane Vault | 1 | |
| Keep | 1 | |
| Workshop | 2 | |
| Castle | 1 | |
15 total
» build order
00:37 Altar of Kings
00:39 Farm
00:58 Blacksmith
01:09 Barracks
01:21 Farm
01:54 Farm
02:21 Arcane Vault
03:23 Farm
03:54 Keep
06:57 Workshop
07:01 Workshop
08:17 Farm
08:27 Farm
09:17 Farm
10:35 Castle
» items
| Lesser Clarity Potion | 2 | |
| Scroll of Regeneration | 1 | |
| Potion of Mana | 1 | |
4 total
team 2 (winner)

»
BelgarathNat (
orange | 90 APM | 1621 actions | 17:56)
5 Death Knight
3 Death Coil
2 Unholy Aura
3 Lich
2 Frost Nova
1 Frost Armor
» actions
| Assign group hotkey | 38 | |
| Build / train | 56 | |
| Enter build submenu | 13 | |
| Enter hero's abilities submenu | 8 | |
| Give item / drop item | 3 | |
| Remove unit from queue | 2 | |
| Right click | 680 | |
| Select / deselect | 266 | |
| Select group hotkey | 442 | |
| Use ability | 113 | |
1621 total
» units
| Acolyte | 2 | |
| Ghoul | 4 | |
| Crypt Fiend | 13 | |
| Obsidian Statue | 6 | |
25 total
» upgrades
| Creature Attack | 1 | |
| Web | 1 | |
| Creature Carapace | 1 | |
| Destroyer Form | 1 | |
4 total
» buildings
| Crypt | 1 | |
| Graveyard | 2 | |
| Ziggurat | 5 | |
| Altar of Darkness | 1 | |
| Tomb of Relics | 1 | |
| Nerubian Tower | 1 | |
| Halls of the Dead | 1 | |
| Slaughterhouse | 1 | |
| Black Citadel | 1 | |
| Necropolis | 1 | |
15 total
» build order
00:13 Crypt
00:19 Graveyard
00:24 Graveyard
00:43 Ziggurat
01:01 Altar of Darkness
01:54 Tomb of Relics
02:26 Ziggurat
02:47 Nerubian Tower
04:23 Halls of the Dead
05:07 Ziggurat
05:23 Ziggurat
06:49 Slaughterhouse
09:17 Black Citadel
10:15 Ziggurat
17:53 Necropolis
» items
| Rod of Necromancy | 2 | |
| Dust of Appearance | 2 | |
| Potion of Healing | 1 | |
| Potion of Lesser Invulnerability | 2 | |
| Scroll of Protection | 2 | |
| Scroll of Healing | 2 | |
| Scroll of Town Portal | 1 | |
12 total
n0v4c41n3 (
yellow | 103 APM | 1855 actions | 17:57)
6 Death Knight
3 Death Coil
2 Unholy Aura
1 Animate Dead
5 Lich
3 Frost Nova
2 Frost Armor
» actions
| Assign group hotkey | 50 | |
| Basic commands | 28 | |
| Build / train | 49 | |
| ESC pressed | 4 | |
| Enter build submenu | 20 | |
| Enter hero's abilities submenu | 11 | |
| Give item / drop item | 2 | |
| Right click | 569 | |
| Select / deselect | 578 | |
| Select group hotkey | 438 | |
| Use ability | 106 | |
1855 total
» units
| Acolyte | 7 | |
| Ghoul | 3 | |
| Crypt Fiend | 6 | |
| Frost Wyrm | 3 | |
19 total
» upgrades
| Creature Attack | 3 | |
| Burrow | 1 | |
| Web | 1 | |
5 total
» buildings
| Crypt | 1 | |
| Graveyard | 1 | |
| Altar of Darkness | 1 | |
| Ziggurat | 6 | |
| Tomb of Relics | 1 | |
| Halls of the Dead | 2 | |
| Black Citadel | 1 | |
| Sacrificial Pit | 1 | |
| Boneyard | 2 | |
| Necropolis | 1 | |
17 total
» build order
00:06 Crypt
00:13 Graveyard
00:42 Altar of Darkness
00:56 Ziggurat
01:28 Tomb of Relics
02:02 Ziggurat
03:47 Halls of the Dead
03:47 Halls of the Dead
04:42 Ziggurat
06:26 Black Citadel
06:27 Sacrificial Pit
07:43 Ziggurat
08:47 Boneyard
08:48 Boneyard
11:43 Ziggurat
11:44 Ziggurat
15:24 Necropolis
» items
| Rod of Necromancy | 3 | |
| Scroll of Town Portal | 3 | |
| Dust of Appearance | 1 | |
| Orb of Corruption | 1 | |
| Scroll of Healing | 1 | |
9 total

»
detleff (
purple | 112 APM | 2013 actions | 17:56)
5 Death Knight
3 Death Coil
2 Unholy Aura
3 Lich
2 Frost Nova
1 Frost Armor
» actions
| Assign group hotkey | 45 | |
| Basic commands | 29 | |
| Build / train | 65 | |
| Enter build submenu | 12 | |
| Enter hero's abilities submenu | 8 | |
| Give item / drop item | 2 | |
| Remove unit from queue | 1 | |
| Right click | 1060 | |
| Select / deselect | 226 | |
| Select group hotkey | 452 | |
| Use ability | 113 | |
2013 total
» units
| Acolyte | 3 | |
| Ghoul | 2 | |
| Crypt Fiend | 9 | |
| Obsidian Statue | 7 | |
21 total
» upgrades
| Web | 1 | |
| Burrow | 1 | |
| Creature Attack | 1 | |
| Destroyer Form | 1 | |
4 total
» buildings
| Crypt | 1 | |
| Graveyard | 1 | |
| Altar of Darkness | 1 | |
| Ziggurat | 5 | |
| Tomb of Relics | 1 | |
| Nerubian Tower | 1 | |
| Halls of the Dead | 3 | |
| Black Citadel | 1 | |
| Slaughterhouse | 2 | |
| Spirit Tower | 1 | |
17 total
» build order
00:06 Crypt
00:25 Graveyard
00:40 Altar of Darkness
00:56 Ziggurat
01:21 Tomb of Relics
02:22 Ziggurat
02:55 Nerubian Tower
04:00 Halls of the Dead
04:01 Halls of the Dead
04:43 Ziggurat
07:42 Black Citadel
08:04 Slaughterhouse
08:30 Ziggurat
10:45 Ziggurat
13:20 Slaughterhouse
14:21 Spirit Tower
» items
| Rod of Necromancy | 8 | |
| Dust of Appearance | 4 | |
| Scroll of Town Portal | 2 | |
| Potion of Healing | 1 | |
| Scroll of Regeneration | 1 | |
| Orb of Corruption | 1 | |
| Potion of Mana | 1 | |
18 total

»
3555939 (
pink | 49 APM | 885 actions | 17:56)
3 Archmage
1 Summon Water Elemental
1 Blizzard
1 Brilliance Aura
3 Paladin
1 Holy Light
2 Divine Shield
» actions
| Assign group hotkey | 37 | |
| Basic commands | 18 | |
| Build / train | 62 | |
| Enter build submenu | 20 | |
| Enter hero's abilities submenu | 6 | |
| Give item / drop item | 3 | |
| Remove unit from queue | 1 | |
| Right click | 241 | |
| Select / deselect | 242 | |
| Select group hotkey | 198 | |
| Use ability | 57 | |
885 total
» units
| Peasant | 11 | |
| Footman | 6 | |
| Knight | 3 | |
| Gryphon Rider | 8 | |
| Dragonhawk Rider | 2 | |
30 total
» upgrades
| Defend | 1 | |
| Masonry | 1 | |
| Swords | 2 | |
| Plating | 2 | |
| Animal War Training | 1 | |
| Storm Hammers | 1 | |
| Cloud | 1 | |
9 total
» buildings
| Farm | 10 | |
| Barracks | 1 | |
| Altar of Kings | 1 | |
| Lumber Mill | 1 | |
| Scout Tower | 2 | |
| Arcane Vault | 1 | |
| Arcane Tower | 2 | |
| Keep | 1 | |
| Blacksmith | 1 | |
| Castle | 1 | |
| Gryphon Aviary | 2 | |
| Town Hall | 2 | |
25 total
» build order
00:20 Farm
00:36 Barracks
00:51 Altar of Kings
00:58 Farm
01:36 Lumber Mill
01:51 Scout Tower
02:02 Farm
02:45 Arcane Vault
02:50 Arcane Tower
03:20 Scout Tower
03:37 Arcane Tower
04:45 Keep
05:34 Blacksmith
05:38 Farm
05:55 Farm
05:57 Farm
07:10 Castle
07:41 Gryphon Aviary
07:47 Farm
07:51 Farm
07:52 Farm
07:53 Farm
10:42 Gryphon Aviary
11:45 Town Hall
13:51 Town Hall
» items
| Scroll of Regeneration | 2 | |
| Lesser Clarity Potion | 5 | |
| Orb of Fire | 2 | |
| Potion of Lesser Invulnerability | 1 | |
10 total
Chat log
(02:20 / Allies) n0v4c41n3: 2 many ppl
(02:33 / Allies) BelgarathNat: ??
(02:44 / Allies) BelgarathNat: wtf u saying yelow
(04:36 / Allies) BelgarathNat: go rush soon
(05:13 / Allies) BelgarathNat: GO
(06:16 / Allies) n0v4c41n3: dk
(06:22 / Allies) n0v4c41n3: tp
(06:31 / Allies) n0v4c41n3: noob
(06:31 / Allies) detleff: noob
(06:36 / Allies) BelgarathNat: GO RUSH OMG
(06:37 / Allies) BelgarathNat: U NOOB
(06:39 / Allies) detleff: coil each other
(06:40 / Allies) detleff: wtf
(06:40 / Allies) n0v4c41n3: stfu
(06:41 / Allies) BelgarathNat: THEY WERE 4 ON US
(06:45 / Allies) n0v4c41n3: so tp
(06:55 / Allies) detleff: nap why died dk
(07:03 / Allies) n0v4c41n3: pink wtf
(07:08 / Allies) n0v4c41n3: tp to orange
(07:38 / Allies) BelgarathNat: ty
(08:39 / Allies) BelgarathNat: web
(08:40 / Allies) BelgarathNat: ,
(08:40 / Allies) BelgarathNat: ?
(08:42 / Allies) n0v4c41n3: y
(08:43 / Allies) detleff: wood?
(08:53 / Allies) detleff: pls
(09:29 / Allies) BelgarathNat: meet
(09:42 / Allies) BelgarathNat: teal
(10:38 / Allies) detleff: dr
(11:44 / Allies) BelgarathNat: scroll
(12:06 / Allies) BelgarathNat: PINK COME
(12:12 / Allies) detleff: out
(12:38 / Allies) n0v4c41n3: i tp
(12:42 / Allies) n0v4c41n3: b
(12:42 / Allies) n0v4c41n3: b
(13:03 / Allies) detleff: ty for coiling
(13:30 / Allies) n0v4c41n3: tp
(13:32 / Allies) n0v4c41n3: pink
(13:39 / Allies) detleff: wow
(13:40 / Allies) detleff: !
(13:50 / Allies) BelgarathNat: he noob..
(13:59 / Allies) BelgarathNat: 32 pop gg
(14:03 / Allies) n0v4c41n3: we win
(14:04 / Allies) n0v4c41n3: doh
(14:05 / Allies) BelgarathNat: OMG PINK BIG NOOB
(14:06 / Allies) 3555939: ye s me noob
(14:12 / Allies) n0v4c41n3: stat here
(14:24 / Allies) BelgarathNat: ALL
(14:25 / Allies) n0v4c41n3: tp
(14:25 / Allies) n0v4c41n3: tp
(14:29 / Allies) BelgarathNat: i dis^pel
(15:49 / Allies) BelgarathNat: DR
(16:04 / All) n0v4c41n3: gg yellow
(16:16 / Allies) detleff: bla bla wanna be
(16:20 / Allies) n0v4c41n3: stfu low
(16:24 / Allies) detleff: xD
(16:56 / Allies) n0v4c41n3: altar